Map: Automaton LE

Players

Drayke

  • Race: Terran Terran
  • League: Diamond
  • Spawn Location: 9:00

Beerye - Winner!

  • Race: Zerg Zerg
  • League: Diamond
  • Spawn Location: 3:00

VOD

Have the link to the VOD?

Description

Time

  • Played on: Feb. 28, 2019, 10:55 p.m.
  • Length: 21:48
Show
View Real Time Build Order
Export as new Build Order

Drayke Terran 

Build Orders: Reaper Expand 

Get SALT Encoding   

  12  0:00  SCV  
  13  0:13  SCV  
  14  0:18  Supply Depot  
  14  0:25  SCV  
  15  0:39  SCV  
  15  0:41  Barracks  
  16  0:44  Refinery  
  16  0:52  SCV  
  17  1:04  SCV  
  18  1:16  SCV  
  19  1:28  Reaper  
  19  1:30  Orbital Command  
  20  1:45  Command Center  
  20  1:55  SCV  
  20  2:00  Marine  
  22  2:02  Supply Depot  
  22  2:07  SCV  
  23  2:15  Factory  
  23  2:23  Barracks Reactor  
  23  2:24  SCV  
  23  2:28  Refinery  
  24  2:36  SCV  
  25  2:48  SCV  
  26  3:00  SCV  
  27  3:07  Starport, Orbital Command  
  27  3:09  Hellion x2  
  27  3:10  Barracks Tech Lab  
  31  3:16  Supply Depot  
  31  3:23  SCV  
  32  3:40  Supply Depot, SCV x2  
  34  3:48  Viking  
  36  3:49  Siege Tank  
  36  3:52  SCV  
  36  3:53  Marine x2, SCV  
  43  4:05  SCV x2  
  45  4:14  Command Center  
  45  4:16  Marine x2  
  47  4:20  Liberator  
  46  4:36  Marine x2  
  46  4:37  Siege Tank  
  50  4:45  Barracks, Supply Depot  
  50  4:46  Barracks  
  50  4:53  SCV x2  
  50  4:56  Marine x2  
  53  5:05  SCV x2  
  55  5:11  Siege Tank  
  55  5:14  Marine x2  
  58  5:17  SCV x2  
  58  5:18  Engineering Bay x2  
  62  5:23  Supply Depot  
  62  5:26  Refinery  
  62  5:28  Starport Reactor  
  62  5:31  SCV x2  
  62  5:32  Marine x2  
  66  5:36  Orbital Command  
  66  5:39  Barracks Tech Lab  
  66  5:40  Barracks Reactor  
  66  5:46  Terran Infantry Weapons Level 1, SCV x2  
  68  5:52  Terran Infantry Armor Level 1  
  68  5:54  Refinery  
  68  5:58  SCV x2  
  68  6:02  SCV  
  71  6:10  SCV  
  71  6:11  SCV  
  73  6:12  Armory  
  73  6:16  Stimpack  
  73  6:18  Marine x5  
  77  6:19  Orbital Command  
  77  6:23  SCV x2  
  80  6:32  Supply Depot  
  80  6:33  Supply Depot  
  80  6:34  Supply Depot  
  80  6:35  SCV  
  80  6:37  Medivac  
  80  6:38  Medivac  
  80  6:39  Marine x4  
  88  6:40  Marine  
  90  6:59  Marine x3  
  90  7:00  Marine x2, SCV  
  90  7:01  SCV x2  
  98  7:13  SCV x3  
  98  7:15  Terran Vehicle Weapons Level 1  
  101  7:16  Barracks x2  
  101  7:17  Marine, Factory  
  102  7:25  SCV x3  
  105  7:34  Refinery  
  105  7:35  Marine x2  
  105  7:36  Supply Depot  
  107  7:37  SCV x3  
  107  7:39  Supply Depot  
  107  7:40  Marine x2, Supply Depot  
  107  7:41  Marine  
  107  7:42  Refinery  
  113  7:45  Terran Infantry Weapons Level 2  
  113  7:49  Terran Infantry Armor Level 2, SCV x3  
  116  8:00  Marine x5  
  116  8:01  Factory Tech Lab, SCV x3  
  116  8:04  Barracks Reactor x2  
  124  8:10  Supply Depot  
  124  8:11  Supply Depot  
  124  8:13  SCV x3  
  124  8:15  Supply Depot  
  124  8:17  Combat Shield  
  127  8:20  Marine x3  
  127  8:21  Marine x2  
  127  8:23  Siege Tank  
  127  8:24  Siege Tank  
  127  8:25  SCV x3  
  141  8:37  Supply Depot, SCV x2  
  141  8:38  Marine x4, SCV  
  141  8:40  Marine x4, Supply Depot  
  141  8:41  Marine  
  153  8:42  Medivac, Supply Depot  
  153  8:47  Medivac  
  157  8:49  SCV  
  158  8:56  Marine x4  
  158  8:58  Marine  
  158  9:00  Marine x4  
  158  9:01  Siege Tank x2  
  173  9:10  Sensor Tower  
  173  9:14  Marine x2  
  173  9:15  Command Center  
  175  9:17  SCV x2  
  177  9:25  Marine x2  
  177  9:26  Marine x4, Terran Vehicle Weapons Level 2  
  177  9:29  Marine  
  184  9:31  Marine  
  184  9:32  Marine  
  186  9:40  Supply Depot  
  186  9:43  Marine x3  
  186  9:44  Marine x3  
  192  9:47  Marine  
  192  9:49  Marine  
  194  10:04  Marine x2  
  194  10:05  Marine x3  
  199  10:29  Terran Infantry Armor Level 3, Terran Infantry Weapons Level 3  
  199  10:30  Marine  
  200  10:42  Refinery  
  200  10:48  Sensor Tower, Refinery  
  189  11:14  Marine x2  
  189  11:15  Marine x7  
  178  11:21  Planetary Fortress  
  163  11:27  Supply Depot  
  163  11:32  Marine x2  
  157  11:37  Marine x3  
  157  11:38  Marine x4  
  165  11:50  Marine x2, Supply Depot, Command Center  
  165  11:53  Barracks x2  
  167  11:55  Marine x4, Barracks  
  167  11:56  Marine x3  
  167  12:00  Siege Tank  
  167  12:01  Terran Vehicle Weapons Level 3, Siege Tank  
  180  12:08  Marine x2  
  182  12:09  Starport  
  182  12:11  Starport, Ghost Academy  
  182  12:12  Marine  
  182  12:13  Marine x3, Supply Depot  
  166  12:34  Marine x4  
  166  12:35  Marine x5  
  166  12:36  Supply Depot  
  178  12:37  Siege Tank x2  
  169  12:46  Barracks Tech Lab  
  169  12:47  Barracks Tech Lab  
  169  12:48  Barracks Tech Lab  
  154  12:52  Marine x5  
  154  12:54  Marauder  
  154  12:55  Marine x3  
  154  12:57  Liberator x2  
  158  12:58  Starport Tech Lab  
  158  12:59  Starport Reactor  
  158  13:00  Fusion Core  
  158  13:01  Personal Cloaking  
  157  13:06  Marauder x2  
  157  13:07  Marauder, Concussive Shells  
  157  13:10  Marine x3  
  157  13:12  Marine x2  
  159  13:13  Marine x3  
  159  13:15  Marauder  
  159  13:17  Neosteel Armor, Hi-Sec Auto Tracking  
  171  13:25  Liberator x2  
  170  13:27  Marine x2  
  170  13:28  Marine x3, Marauder  
  170  13:30  Marine x2  
  170  13:31  Marine x3  
  185  13:40  Liberator  
  185  13:41  Liberator x2  
  187  13:44  Refinery  
  200  13:48  Refinery  
  200  13:51  Sensor Tower  
  200  13:54  Planetary Fortress  
  191  13:59  Advanced Ballistics  
  197  14:17  Marauder  
  199  14:54  Command Center  
  199  15:01  Supply Depot  
  199  15:02  Supply Depot  
  199  15:03  Supply Depot  
  199  15:07  SCV  
  200  15:26  Supply Depot  
  200  15:27  Supply Depot  
  200  15:28  Supply Depot  
  200  15:34  Command Center  
  200  15:37  Command Center  
  200  15:40  Command Center  
  200  15:49  Liberator  
  200  15:50  Liberator x3  
  200  15:51  Supply Depot  
  200  15:52  Supply Depot  
  200  15:53  Supply Depot  
  158  16:04  Marine, Marauder x3  
  158  16:05  Marine x7, Marauder  
  184  16:22  Marine x2  
  184  16:23  Marine x6  
  194  16:25  Marauder  
  194  16:26  Marauder x3  
  191  16:40  Marine  
  163  16:48  Marauder x2  
  163  16:49  Marine x6, Marauder x2  
  163  16:50  Marine  
  175  16:58  Marine  
  175  16:59  Planetary Fortress  
  170  17:07  Marine x6, Terran Ship Weapons Level 1  
  173  17:10  Marauder x4  
  173  17:12  Liberator x4, Armory  
  173  17:13  Liberator  
  187  17:30  Ghost x2  
  200  17:40  Orbital Command x3  
  200  17:49  Refinery x2  
  200  17:52  Sensor Tower  
  200  18:11  Terran Vehicle And Ship Armor Level 1  
  200  19:09  Nuke  
  200  19:13  Ghost Academy  
  200  19:14  Ghost Academy x2  
  200  19:17  Ghost Academy  
  158  19:47  Marine, Marauder x3  
  158  19:48  Marine x4, Marauder  
  158  19:49  Viking x5  
  158  19:58  Marine x3  
  146  20:05  Marine x2  
  146  20:06  Marine x3  
  143  20:08  Marauder  
  143  20:09  Marauder x3  
  143  20:10  Nuke x4  
  147  20:18  Viking  
  147  20:19  Viking x4  
  154  20:24  Marine  
  154  20:25  Marine x6  
  157  20:29  Ghost x3  
  157  20:30  Marauder  
  162  20:39  Marine  
  162  20:42  Marine x2  
  159  20:43  Marine x3  
  159  20:48  Viking  
  159  20:49  Viking x4  
  174  20:50  Ghost  
  174  20:57  Marine  
  176  20:58  Ghost x2  
  176  21:00  Ghost  
  144  21:29  Marine x3  
Show
View Real Time Build Order
Export as new Build Order

Beerye Zerg - Winner!

Build Orders: Hatch First 

Get SALT Encoding   

  12  0:01  Drone  
  13  0:13  Overlord  
  13  0:18  Drone  
  14  0:35  Drone x3  
  17  0:57  Hatchery  
  17  1:00  Drone  
  17  1:02  Drone  
  18  1:14  Extractor  
  17  1:19  Spawning Pool  
  17  1:21  Drone  
  17  1:25  Drone  
  18  1:29  Drone  
  19  1:39  Overlord  
  19  1:50  Drone  
  20  2:05  Queen  
  20  2:06  Zergling x2  
  23  2:09  Queen  
  23  2:10  Zergling x2  
  26  2:17  Metabolic Boost  
  26  2:21  Drone  
  26  2:22  Drone  
  28  2:23  Drone  
  29  2:32  Drone  
  29  2:55  Hatchery  
  28  3:05  Drone x6  
  34  3:22  Queen  
  34  3:24  Overlord x2  
  36  3:29  Pneumatized Carapace  
  35  3:45  Drone x6  
  35  3:48  Zergling x8  
  45  4:01  Zergling x6  
  48  4:03  Drone  
  48  4:08  Drone  
  50  4:11  Queen  
  50  4:12  Queen  
  51  4:42  Overlord x3  
  51  4:46  Overlord  
  51  4:49  Baneling Nest  
  51  4:50  Evolution Chamber  
  44  5:08  Drone x11  
  44  5:12  Extractor  
  44  5:13  Lair  
  54  5:15  Spore Crawler  
  54  5:18  Spine Crawler  
  54  5:19  Drone x3, Spine Crawler  
  54  5:23  Drone x5  
  54  5:25  Spine Crawler  
  58  5:29  Spine Crawler  
  58  5:35  Spore Crawler  
  56  5:37  Drone  
  56  5:38  Drone x4  
  56  5:40  Drone  
  62  5:51  Overlord x2  
  62  5:52  Drone x5  
  62  5:54  Drone  
  62  5:56  Extractor  
  67  5:57  Extractor  
  64  6:17  Queen  
  66  6:42  Extractor  
  66  6:44  Hydralisk Den, Hatchery  
  66  6:45  Centrifical Hooks  
  66  6:46  Evolution Chamber, Extractor, Zergling x2  
  64  6:47  Zergling x28  
  73  7:10  Queen  
  73  7:20  Spore Crawler x2  
  71  7:26  Drone x6  
  71  7:27  Drone x4  
  81  7:30  Extractor  
  80  7:40  Overlord x3  
  80  7:43  Muscular Augments  
  80  7:46  Zergling x8  
  80  7:50  Baneling x4  
  80  7:51  Baneling x5  
  84  7:53  Zergling x6  
  87  7:59  Drone x2  
  87  8:02  Drone  
  87  8:03  Drone x3  
  87  8:04  Drone  
  94  8:16  Drone x4  
  94  8:17  Extractor  
  94  8:18  Zerg Ground Armor Level 1  
  97  8:20  Zerg Melee Weapons Level 1  
  97  8:22  Zergling x4  
  98  8:39  Queen  
  98  8:40  Drone  
  98  8:41  Drone x12  
  113  8:47  Hydralisk, Infestation Pit  
  114  8:54  Grooved Spines  
  114  9:00  Overlord x2  
  114  9:01  Overlord x2  
  114  9:13  Spore Crawler  
  114  9:15  Drone, Spine Crawler  
  114  9:16  Drone x5  
  114  9:17  Spore Crawler x2, Spine Crawler  
  117  9:20  Hydralisk x3  
  117  9:21  Hydralisk x4  
  129  9:25  Baneling  
  129  9:26  Baneling x12  
  129  9:27  Baneling x2  
  129  9:39  Hatchery  
  125  9:49  Hydralisk  
  125  9:50  Hydralisk x13  
  152  9:54  Overlord  
  152  9:55  Overlord x2  
  152  10:01  Hive  
  152  10:08  Spire  
  151  10:25  Zergling x30  
  151  10:26  Zergling x10  
  171  10:34  Zerg Ground Armor Level 2  
  171  10:36  Zerg Melee Weapons Level 2  
  171  10:46  Zergling x6  
  171  10:47  Zergling x4  
  171  10:49  Baneling x4  
  176  10:50  Baneling x3  
  176  10:51  Baneling  
  176  10:52  Baneling x5  
  176  10:56  Hatchery  
  173  11:05  Zergling x4  
  173  11:06  Zergling x12  
  175  11:15  Zergling x28  
  157  11:19  Baneling x11  
  157  11:24  Hydralisk x4  
  144  11:32  Zergling x2  
  118  11:33  Zergling x14  
  122  11:41  Overseer  
  122  11:44  Baneling  
  122  11:45  Baneling x14  
  122  11:46  Drone, Zergling x6  
  126  11:59  Baneling x6  
  126  12:00  Baneling x2  
  126  12:09  Zergling x26  
  126  12:10  Zergling x8  
  143  12:22  Ultralisk Cavern  
  132  12:32  Baneling x6  
  132  12:33  Baneling x8  
  132  12:34  Baneling  
  132  12:36  Queen  
  105  12:56  Zergling x34  
  105  12:57  Zergling x6  
  115  13:09  Zergling x2  
  115  13:10  Zergling x14  
  112  13:15  Extractor  
  112  13:16  Baneling  
  112  13:17  Baneling x7  
  112  13:18  Baneling x5  
  112  13:19  Extractor  
  103  13:20  Zergling x10  
  108  13:30  Drone x2  
  108  13:31  Overlord  
  108  13:32  Overlord  
  108  13:33  Zergling x2  
  111  13:37  Greater Spire, Adrenal Glands  
  111  13:45  Queen  
  113  14:09  Chitinous Plating  
  111  14:12  Ultralisk x6  
  147  14:22  Ultralisk  
  153  14:25  Ultralisk  
  153  14:30  Zergling x8  
  153  14:31  Zergling x2  
  164  14:47  Corruptor x4  
  164  14:49  Corruptor  
  173  15:02  Zerg Ground Armor Level 3  
  173  15:13  Drone  
  173  15:14  Drone x4  
  176  15:18  Hatchery  
  176  15:19  Corruptor  
  176  15:20  Extractor, Corruptor  
  180  15:22  Extractor  
  180  15:23  Overlord  
  180  15:28  Anabolic Synthesis  
  179  15:31  Baneling  
  179  15:32  Baneling x8  
  179  15:33  Baneling x6  
  179  15:34  Baneling  
  138  16:06  Zergling x26  
  138  16:07  Zergling x24  
  163  16:11  Corruptor  
  165  16:35  Corruptor x5  
  165  16:36  Corruptor  
  154  16:51  Corruptor x3  
  160  16:58  Zergling x12  
  164  17:06  Ultralisk  
  150  17:43  Brood Lord  
  150  17:44  Brood Lord x6  
  164  17:45  Brood Lord  
  166  17:52  Brood Lord  
  166  17:54  Drone x2  
  166  17:55  Drone x2  
  166  17:56  Drone  
  173  18:11  Brood Lord x2  
  173  18:12  Brood Lord  
  179  18:14  Hatchery  
  178  18:22  Hydralisk x4  
  178  18:23  Hydralisk  
  178  18:25  Hydralisk  
  190  18:28  Hydralisk  
  190  18:29  Hydralisk  
  190  18:31  Hydralisk  
  190  18:34  Hydralisk  
  196  18:36  Hydralisk  
  200  19:03  Zerg Flyer Weapons Level 1  
  198  19:40  Hydralisk x3  
  198  19:41  Hydralisk x3  
  198  19:42  Hydralisk x5  
  198  19:43  Hydralisk x2  
  182  19:56  Zergling x10  
  182  19:57  Zergling x46  
  188  20:22  Corruptor x7  
  188  20:23  Corruptor  
  190  20:31  Zergling x2  
  190  20:32  Zergling x18  
  194  20:37  Drone  
  191  20:58  Hydralisk x4  
Tags
 
Add a new tag
Caveats
  • Supply blocks, unpowered buildings, or Contaminate may cause inaccurate times.
  • Supply counts are checked every 10 seconds.